 Dungeon Crawl Stone Soup version 0.19.5 (webtiles) character file.

199 sankara the Shield-Bearer (level 5, 0/47 HPs)
             Began as a Minotaur Fighter on Mar 24, 2017.
             Was an Initiate of Ru.
             Slain by a wight
             ... wielding a +0 spear
              (3 damage)
             ... on level 2 of the Dungeon.
             The game lasted 00:09:54 (2260 turns).

sankara the Shield-Bearer (Minotaur Fighter)        Turns: 2260, Time: 00:09:56

Health: 0/47       AC:  6    Str: 18 (20) XL:     5   Next: 48%
Magic:  4/4        EV:  7    Int:  3 (5)  God:    Ru [......]
Gold:   91         SH:  9    Dex:  9 (11) Spells: 0 memorised, 4 levels left

rFire  . . .     SeeInvis .     a - +0 flail
rCold  . . .     Gourm    .     b - +0 scale mail
rNeg   . . .     Faith    .     c - +0 shield
rPois  .         Spirit   .     (helmet restricted)
rElec  .         Reflect  .     (no cloak)
rCorr  .         Harm     .     (no gloves)
MR     .....                    (no boots)
Stlth  ..........               (no amulet)
                                (no ring)
                                (no ring)

@: flying, slowed, drained, very slow
A: retaliatory headbutt, horns 2
a: Renounce Religion


You were on level 2 of the Dungeon.
You worshipped Ru.
Ru was noncommittal.
You were hungry.

You visited 1 branch of the dungeon, and saw 3 of its levels.

You collected 91 gold pieces.

Inventory:

Hand Weapons
 a - a +0 flail (weapon)
Armour
 b - a +0 scale mail (worn)
 c - a +0 shield (worn)
Scrolls
 e - a scroll of recharging {unknown}
 j - a scroll of fog {unknown}
 l - a scroll of remove curse {unknown}
 m - 5 scrolls of identify {unknown}
 q - a scroll of magic mapping {unknown}
Potions
 d - a potion of might
 h - a potion of degeneration
 i - 2 potions of curing
 n - a potion of heal wounds {unknown}
 o - a potion of brilliance {unknown}
 r - 5 potions of ambrosia {unknown}
 s - a potion of haste {unknown}
Comestibles
 f - 4 bread rations
 p - a meat ration
 t - 4 chunks of flesh


   Skills:
 + Level 4.6(3.5) Fighting
 * Level 4.8(3.7) Maces & Flails
 - Level 3.6(2.5) Armour
 * Level 5.4(4.3) Shields


You had 4 spell levels left.
You didn't know any spells.

Dungeon Overview and Level Annotations

Branches:
Dungeon (3/15)

Altars:
Ru

Annotations:
D:2 Robin


Innate Abilities, Weirdness & Mutations

You reflexively headbutt those who attack you in melee.
You have a pair of horns on your head.


Message History

Robin zaps a wand.
You resist with some effort. You block the wight's attack.
You block the goblin's attack. Robin hits you but does no damage.
The wight hits you but does no damage.
You hit Robin. Your headbutt misses Robin.
Robin is severely wounded.
The goblin hits you.
* * * LOW HITPOINT WARNING * * *
Robin barely misses you. The wight closely misses you. You furiously retaliate!
You headbutt the wight. You block the goblin's attack.
Robin hits you with a whip.
* * * LOW HITPOINT WARNING * * *
The wight hits you with a spear.
* * * LOW HITPOINT WARNING * * *
It was a potion of flight.
You feel very buoyant.
You fly up into the air.
You block the goblin's attack. Robin hits you but does no damage.
The wight hits you with a spear!
* * * LOW HITPOINT WARNING * * *
You feel drained.
You die...

#.#######.###.#.....######
#...............#####
#########.####### #.# #†#
##### #.# ##...## #.####
#.....#### #g##.#########
#........# #@#..........#
#.....##.###zgz...#.###.#
##...###.##.z.....#.# #.#
##÷## #..........#.###.#
#.# ####.......#.....# #.#
##......#####.# #.#
#.##.#######.# ######.####
#.##.........# #.......)[#
##+##########.#


You could see 3 wights, Robin and a goblin.

Vanquished Creatures
  2 wights (D:2)
  4 adders (D:2)
  A worm (D:2)
  A dart slug (D:1)
  4 leopard geckos
  An orc (D:3)
  3 giant cockroaches
  7 hobgoblins
  6 jackals (D:1)
  6 kobolds
  3 quokkas (D:2)
  6 bats
  6 frilled lizards
  15 goblins
  3 rats
68 creatures vanquished.

Notes
Turn   | Place    | Note
-------+----------+-------------------------------------------
     0 | D:1      | sankara the Minotaur Fighter began the quest for the Orb.
     0 | D:1      | Reached XP level 1. HP: 19/19 MP: 0/0
    30 | D:1      | Reached XP level 2. HP: 20/27 MP: 1/1
   385 | D:1      | Reached skill level 4 in Shields
   457 | D:1      | Reached XP level 3. HP: 30/33 MP: 2/2
  1009 | D:2      | Reached XP level 4. HP: 34/40 MP: 3/3
  1246 | D:2      | Found a sacrificial altar of Ru.
  1322 | D:2      | Became a worshipper of Ru the Awakened
  1946 | D:3      | Noticed Robin
  2141 | D:2      | Reached skill level 5 in Shields
  2146 | D:2      | Reached XP level 5. HP: 34/47 MP: 4/4
  2260 | D:2      | Slain by a wight

Skill      XL: |  1  2  3  4 |
---------------+-------------+-----
Maces & Flails | 3 4 |  4.8
Shields        | 4 5 |  5.4
Fighting       | 4 |  4.6
Armour         | |  3.6

Action                   |  1- 3 |  4- 6 || total
-------------------------+-------+-------++-------
Melee: Flail             |    81 |   101 ||   182
       Headbutt          |    13 |    14 ||    27
  Use: Potion            |       |     4 ||     4
  Eat: Chunk             |       |     4 ||     4
Armor: Scale mail        |    36 |    58 ||    94
       Skin              |       |    35 ||    35
Dodge: Dodged            |    34 |    48 ||    82
Block: Shield            |    56 |    84 ||   140
